details: 'Wow LOL'

« prev index next »

General information

Mini Map

Players

team 1
NightElfstrasicWarrior (red | 40 APM | 367 actions | 09:10)
Hero icon 2 Warden
Ability icon 1 Fan of Knives
Ability icon 1 Shadow Strike

» actions
Assign group hotkey4
Build / train25
Enter build submenu20
Enter hero's abilities submenu2
Right click135
Select / deselect119
Select group hotkey28
Use ability34
367 total
» units
Wisp11
Archer3
Huntress5
19 total
» upgrades
Strength of the Moon1
Moon Armor1
Ultravision1
3 total
» buildings
Moon Well9
Altar of Elders1
Ancient of War2
Hunter's Hall1
Tree of Life1
Ancient Protector1
15 total
» build order
00:08 Moon Well
00:14 Altar of Elders
00:25 Ancient of War
02:00 Hunter's Hall
02:30 Moon Well
04:14 Moon Well
04:38 Ancient of War
04:58 Moon Well
05:10 Moon Well
05:21 Moon Well
06:00 Moon Well
06:59 Moon Well
07:03 Moon Well
07:56 Tree of Life
08:27 Ancient Protector
team 2
NightElfnub-dub (orange | 45 APM | 417 actions | 09:12)
Hero icon 2 Warden
Ability icon 1 Shadow Strike
Ability icon 1 Blink
Hero icon 2 Pandaren Brewmaster
Ability icon 1 Breath of Fire
Ability icon 1 Drunken Haze

» actions
Assign group hotkey16
Basic commands1
Build / train37
Enter build submenu11
Enter hero's abilities submenu4
Give item / drop item1
Right click178
Select / deselect120
Select group hotkey15
Use ability34
417 total
» units
Wisp13
Archer5
Dryad1
Druid of the Talon2
Druid of the Claw1
22 total
» upgrades
Abolish Magic1
Druid of the Claw Training1
2 total
» buildings
Altar of Elders1
Moon Well4
Ancient of War1
Tree of Ages1
Hunter's Hall1
Ancient of Lore2
Ancient of Wind1
Tree of Eternity1
12 total
» build order
00:14 Altar of Elders
00:20 Moon Well
01:02 Ancient of War
01:32 Moon Well
03:03 Tree of Ages
03:44 Hunter's Hall
04:17 Moon Well
05:33 Ancient of Lore
05:37 Ancient of Lore
05:54 Moon Well
06:03 Ancient of Wind
08:25 Tree of Eternity
» items
Dust of Appearance1
Boots of Speed1
Potion of Lesser Invulnerability1
Scroll of Healing2
5 total